cohdb
Replays
Latest Replays
All Replays
Popular Replays
Top Player Replays
Match Explorer
How It Works
Community
CoH3 Stats
Reddit
Sign in to upload your games and track your stats! →
Sign in with Steam
Match 25086139
Unlisted
Match 25086139
Overview
Messages
Build Orders
End
Construct Section Command Post
Vickers Machine Gun Team
Dingo Light Scout Car
ML 3-inch Mortar Team
Infantry Section
Infantry Section
Construct Platoon Command Post
CMP 15cwt Truck
6-pounder Anti-tank Gun Team
Selects Air and Sea Battlegroup
Selects Supply Surplus
Grenade Package
Selects Centaur Medium Tank
Centaur Medium Tank
Royal Engineer Section
Centaur Medium Tank
Selects Naval Bombardment
Naval Bombardment
6-pounder Anti-tank Gun Team
Infantry Section
Centaur Medium Tank
Selects Commando Section Paradrop
Selects M1 Pack Howitzer Paradrop
6-pounder Anti-tank Gun Team
6-pounder Anti-tank Gun Team
Naval Bombardment
Construct Company Command Post
Foot Guards Section
Foot Guards Section
Infantry Training
Foot Guards Section
Selects Anti-tank Rocket Loiter
Foot Guards Section
Anti-tank Rocket Loiter
Foot Guards Section
Foot Guards Section
Graset
Assistant tothe Regional Manager
827019443
♨TEA.UP®♨ Baratrax
TheWolf
MR.DOGO-YT
Jonatanga
Eber
0
0
Comments
sign in to comment!
No comments posted yet!